General information
- name: BNet
- type: Ladder team game (AT/RT)
- host: Battle.net
- saver: Blahsmack
map: UpperKingdom
- players: 6
- length: 25:10
- speed: Fast
- version: 1.21 W3XP
- replay type: Public
» download(88 KB)
Players
team 1 (winner)
brickerboy1 (
yellow | 19 APM | 244 actions | 12:58)
3 Far Seer
2 Feral Spirit
1 Chain Lighting
» actions
| Build / train | 22 | |
| Enter build submenu | 13 | |
| Enter hero's abilities submenu | 3 | |
| Remove unit from queue | 1 | |
| Right click | 56 | |
| Select / deselect | 115 | |
| Use ability | 34 | |
244 total
» units
» upgrades
| Pillage | 1 | |
| Berserker Strength | 1 | |
| Melee Weapons | 1 | |
| Armor | 1 | |
4 total
» buildings
| Altar of Storms | 1 | |
| Barracks | 2 | |
| Orc Burrow | 6 | |
| Stronghold | 1 | |
| War Mill | 1 | |
| Beastiary | 1 | |
12 total
» build order
00:15 Altar of Storms
00:23 Barracks
00:30 Orc Burrow
02:50 Orc Burrow
03:17 Barracks
06:14 Stronghold
06:21 War Mill
09:30 Beastiary
09:45 Orc Burrow
09:48 Orc Burrow
09:53 Orc Burrow
09:57 Orc Burrow

»
Bulgaria (
red | 36 APM | 899 actions | 25:07)
1 Mountain King
1 Storm Bolt
» actions
| Assign group hotkey | 4 | |
| Basic commands | 1 | |
| Build / train | 23 | |
| Enter build submenu | 14 | |
| Enter hero's abilities submenu | 1 | |
| Remove unit from queue | 2 | |
| Right click | 77 | |
| Select / deselect | 733 | |
| Select group hotkey | 27 | |
| Use ability | 17 | |
899 total
» units
» buildings
| Barracks | 2 | |
| Altar of Kings | 1 | |
| Farm | 3 | |
| Lumber Mill | 1 | |
| Blacksmith | 1 | |
| Scout Tower | 2 | |
| Guard Tower | 1 | |
| Keep | 0 | |
11 total
» build order
00:12 Barracks
00:15 Altar of Kings
00:18 Farm
00:28 Farm
02:26 Lumber Mill
02:39 Blacksmith
03:16 Farm
04:25 Barracks
04:43 Scout Tower
05:21 Guard Tower
05:26 Scout Tower
06:06 Keep
Blahsmack (
purple | 53 APM | 1340 actions | 25:10)
6 Blood Mage
3 Flame Strike
1 Siphon Mana
1 Summon Phoenix
1 Banish
6 Archmage
3 Blizzard
2 Brilliance Aura
1 Mass Teleport
» actions
| Basic commands | 90 | |
| Build / train | 124 | |
| Enter build submenu | 29 | |
| Enter hero's abilities submenu | 12 | |
| Give item / drop item | 2 | |
| Remove unit from queue | 1 | |
| Right click | 642 | |
| Select / deselect | 331 | |
| Use ability | 109 | |
1340 total
» units
| Peasant | 23 | |
| Sorceress | 2 | |
| Mortar Team | 8 | |
33 total
» upgrades
| Masonry | 3 | |
| Lumber Harvesting | 2 | |
| Magic Sentry | 1 | |
| Gunpowder | 3 | |
| Sorceress Training | 2 | |
| Fragmentation Shards | 1 | |
| Flare | 1 | |
| Armor | 1 | |
| Swords | 1 | |
| Plating | 1 | |
16 total
» buildings
| Altar of Kings | 1 | |
| Scout Tower | 32 | |
| Lumber Mill | 2 | |
| Farm | 11 | |
| Guard Tower | 49 | |
| Town Hall | 3 | |
| Keep | 2 | |
| Castle | 1 | |
| Arcane Sanctum | 1 | |
| Blacksmith | 1 | |
| Arcane Vault | 1 | |
| Workshop | 4 | |
108 total
» build order
00:18 Altar of Kings
00:38 Scout Tower
00:39 Scout Tower
00:41 Scout Tower
00:45 Scout Tower
00:46 Scout Tower
01:04 Lumber Mill
01:45 Farm
01:46 Farm
02:02 Farm
02:09 Scout Tower
02:13 Scout Tower
02:14 Scout Tower
02:33 Guard Tower
02:45 Lumber Mill
02:53 Guard Tower
02:53 Guard Tower
02:56 Guard Tower
02:56 Guard Tower
03:08 Guard Tower
03:08 Guard Tower
03:08 Guard Tower
03:27 Scout Tower
03:29 Scout Tower
03:41 Guard Tower
03:42 Guard Tower
03:48 Guard Tower
03:53 Scout Tower
03:54 Scout Tower
04:02 Guard Tower
04:47 Guard Tower
04:53 Guard Tower
04:56 Scout Tower
04:57 Scout Tower
05:11 Town Hall
05:16 Town Hall
05:37 Keep
05:37 Keep
06:59 Guard Tower
07:04 Scout Tower
07:07 Scout Tower
07:14 Scout Tower
07:48 Scout Tower
07:49 Scout Tower
07:51 Scout Tower
07:53 Scout Tower
07:54 Scout Tower
07:56 Scout Tower
08:01 Castle
08:06 Scout Tower
08:06 Scout Tower
08:07 Scout Tower
08:13 Arcane Sanctum
08:17 Blacksmith
08:51 Guard Tower
08:58 Scout Tower
08:59 Scout Tower
08:59 Scout Tower
09:00 Scout Tower
09:00 Scout Tower
09:01 Scout Tower
09:10 Guard Tower
09:10 Guard Tower
09:19 Arcane Vault
09:23 Guard Tower
09:23 Guard Tower
09:23 Guard Tower
09:39 Guard Tower
09:39 Guard Tower
09:57 Guard Tower
09:57 Guard Tower
10:18 Guard Tower
10:18 Guard Tower
10:19 Guard Tower
10:32 Guard Tower
10:33 Guard Tower
10:33 Guard Tower
10:53 Guard Tower
10:53 Guard Tower
10:56 Guard Tower
10:56 Guard Tower
11:09 Guard Tower
11:10 Guard Tower
11:10 Guard Tower
11:34 Guard Tower
11:35 Guard Tower
12:24 Workshop
12:27 Workshop
12:28 Workshop
13:14 Workshop
13:29 Guard Tower
13:42 Farm
14:10 Farm
14:11 Farm
14:12 Farm
14:29 Farm
14:34 Farm
14:51 Farm
15:03 Farm
21:41 Town Hall
» items
| Orb of Fire | 1 | |
| Potion of Mana | 1 | |
| Potion of Healing | 2 | |
| Scroll of Regeneration | 1 | |
5 total
team 2 (loser)

»
pastasauce (
orange | 31 APM | 156 actions | 04:59)
1 Demon Hunter
1 Mana Burn
» actions
| Assign group hotkey | 9 | |
| Build / train | 18 | |
| Enter build submenu | 9 | |
| Enter hero's abilities submenu | 1 | |
| Right click | 35 | |
| Select / deselect | 51 | |
| Select group hotkey | 25 | |
| Use ability | 8 | |
156 total
» units
» buildings
| Altar of Elders | 1 | |
| Moon Well | 3 | |
| Ancient of War | 2 | |
| Hunter's Hall | 1 | |
7 total
» build order
00:07 Altar of Elders
00:14 Moon Well
00:39 Ancient of War
01:40 Moon Well
02:06 Ancient of War
02:45 Moon Well
04:25 Hunter's Hall
Blacksage005 (
teal | 32 APM | 154 actions | 04:50)
1 Demon Hunter
1 Immolation
» actions
| Build / train | 22 | |
| Enter build submenu | 7 | |
| Enter hero's abilities submenu | 1 | |
| Remove unit from queue | 3 | |
| Right click | 56 | |
| Select / deselect | 53 | |
| Use ability | 12 | |
154 total
» units
» buildings
| Altar of Elders | 1 | |
| Moon Well | 4 | |
| Ancient of War | 1 | |
| Hunter's Hall | 1 | |
7 total
» build order
00:09 Altar of Elders
00:26 Moon Well
00:54 Ancient of War
01:59 Moon Well
02:24 Hunter's Hall
03:52 Moon Well
04:33 Moon Well
TWIZTID_1 (
blue | 31 APM | 783 actions | 25:07)
6 Demon Hunter
3 Immolation
3 Evasion
» actions
| Basic commands | 3 | |
| Build / train | 171 | |
| Enter build submenu | 33 | |
| Enter hero's abilities submenu | 8 | |
| Remove unit from queue | 1 | |
| Right click | 230 | |
| Select / deselect | 288 | |
| Use ability | 49 | |
783 total
» units
| Wisp | 10 | |
| Huntress | 60 | |
| Dryad | 31 | |
| Glaive Thrower | 31 | |
| Druid of the Claw | 12 | |
144 total
» upgrades
| Strength of the Moon | 4 | |
| Moon Armor | 4 | |
| Vorpal Blades | 1 | |
| Abolish Magic | 1 | |
| Reinforced Hides | 1 | |
11 total
» buildings
| Altar of Elders | 1 | |
| Moon Well | 7 | |
| Ancient of War | 1 | |
| Hunter's Hall | 1 | |
| Ancient Protector | 16 | |
| Tree of Ages | 3 | |
| Ancient of Lore | 3 | |
32 total
» build order
00:11 Altar of Elders
00:13 Moon Well
01:28 Ancient of War
02:29 Hunter's Hall
03:51 Moon Well
07:38 Ancient Protector
07:41 Tree of Ages
07:46 Tree of Ages
08:05 Tree of Ages
08:21 Moon Well
08:27 Moon Well
09:12 Moon Well
09:16 Ancient Protector
09:25 Moon Well
11:34 Ancient of Lore
11:41 Moon Well
11:48 Ancient of Lore
12:37 Ancient of Lore
20:25 Ancient Protector
21:37 Ancient Protector
21:39 Ancient Protector
21:42 Ancient Protector
21:45 Ancient Protector
21:49 Ancient Protector
22:01 Ancient Protector
22:04 Ancient Protector
22:08 Ancient Protector
22:11 Ancient Protector
22:13 Ancient Protector
22:19 Ancient Protector
22:33 Ancient Protector
22:38 Ancient Protector
Chat log
(00:52 / Allies) Bulgaria: units
(01:06 / Allies) brickerboy1: what about them
(01:43 / Allies) Bulgaria: me knights sorceress
(02:00 / Allies) brickerboy1: me speak english
(04:50 / Allies) Bulgaria: y
(06:30 / Allies) Bulgaria: yellow
(06:34 / Allies) Blahsmack: help
(06:36 / Allies) Blahsmack: holy sbhit
(07:23 / Allies) Blahsmack: damn you yellow
(07:29 / Allies) Blahsmack: i came to help and you didnt
(07:32 / Allies) brickerboy1: i helped...i kileld tow of their heroes
(07:36 / Allies) Blahsmack: shut up
(07:45 / Allies) brickerboy1: no, i killed two heroes
(10:44 / Allies) Blahsmack: way to do nothing yellow
(10:48 / Allies) Blahsmack: thanks
(10:50 / Allies) brickerboy1: ...
(11:01 / Allies) brickerboy1: I FUCKING KILLED TWO OF THEIR HEROES AND LOTS OF UNITS
(11:05 / All) brickerboy1: I CMAE A LITTLE LATE BUT SO WHAT
(11:09 / Allies) brickerboy1: CAME*
(11:16 / Allies) Blahsmack: youre dead
(11:21 / Allies) Blahsmack: ..\................. /..........
(11:22 / Allies) Blahsmack: ......\.............\..........
(11:25 / Allies) brickerboy1: really?
(11:43 / All) brickerboy1: attack purple from the south
(11:51 / All) brickerboy1: he has very little defense there
(11:57 / All) brickerboy1: he has a lot from the north
(12:14 / Allies) brickerboy1: bring a lot of siege
(12:18 / All) brickerboy1: bring a lto of siege
(12:31 / All) brickerboy1: units that can attack buildings
(18:30 / Allies) Bulgaria: make upgrades
(18:35 / Allies) Blahsmack: ..\................. /..........
(18:37 / Allies) Blahsmack: ......\.............\..........
(23:25 / All) TWIZTID_1: noobs
(23:36 / All) Blahsmack: serusluy
(24:06 / All) TWIZTID_1: yea 1 on 3 almost beat u tower punk
(24:15 / All) Blahsmack: no
(24:18 / All) Blahsmack: u didnt
(24:19 / All) Blahsmack: lol
(24:28 / All) Blahsmack: no where near beating me